 Dungeon Sprint DCSS version 0.30-a0-49-g1cef19eb02 (webtiles) character file.

Game seed: 13182036550206967338

2433 Ankalagon the Destroyer (level 9, -3/75 HPs)
             Began as a Demigod Conjurer on Sept 2, 2022.
             Succumbed to a death drake's dark miasma
             ... in the Dungeon (Sprint II: "The Violet Keep of Menkaure").
             The game lasted 00:12:55 (1268 turns).

Ankalagon the Destroyer (Demigod Conjurer)          Turns: 1268, Time: 00:12:55

Health: -3/75      AC:  1    Str: 14    XL:     9   Next: 4%
Magic:  0/26       EV: 14    Int: 28    God:
Gold:   175        SH:  7    Dex: 14    Spells: 1/25 levels left

rFire   + . .      SeeInvis .    h - +3 short sword "Niroolo" {freeze, *Rage rC+ Str+8 Stlth+}
rCold   + . .      Faith    .    i - +2 buckler {rF+}
rNeg    . . .      Spirit   .    a - +0 robe
rPois   .          Reflect  .    (no helmet)
rElec   .          Harm     .    (no cloak)
rCorr   .          Rampage  .    (no gloves)
Will    .....      Rage     20%  (no boots)
Stlth   ++++...... NoTele   +    (no amulet)
HPRegen 0.22/turn                (no ring)
MPRegen 0.20/turn                (no ring)

@: lethally poisoned (-3 -> -65), unable to drink
A: high MP 1, forlorn, divine attributes, clumsy 1, deformed body, deterioration
1, weak 1, inability to drink after injury 1
a: no special abilities


You were in the Dungeon.
You visited 1 branch You collected 810 gold pieces.
You spent 635 gold pieces at shops.

Inventory:

Hand Weapons
 h - the +3 short sword "Niroolo" (weapon) {freeze, *Rage rC+ Str+8 Stlth+}
   (You bought it in a shop in the Dungeon)

   It freezes those it strikes, dealing additional cold damage.
   It can also slow down cold-blooded creatures.
   Str:       It affects your strength (+8).
   rC:        It protects you from cold.
   *Rage:     It berserks you when you make melee attacks (+20% chance).
   Stlth:     It makes you more stealthy.
Armour
 a - a +0 robe (worn)
 i - a +2 buckler of fire resistance (worn)
Scrolls
 d - a scroll of identify
Potions
 b - 2 potions of magic
 c - a potion of curing
 e - a potion of haste
 f - a potion of invisibility {unknown}


   Skills:
 - Level 6.1 Fighting
 - Level 6.1 Dodging
 - Level 4.0 Stealth
 - Level 5.0 Shields
 - Level 8.9 Spellcasting
 - Level 10.0 Conjurations
 - Level 4.0 Hexes
 - Level 3.2 Translocations
 + Level 8.3 Ice Magic


You had one spell level left.
You knew the following spells:

 Your Spells              Type           Power      Damage    Failure   Level
a - Dazzling Flash        Conj/Hex       100%       N/A       1%          3
c - Ozocubu's Armour      Ice            56%        N/A       1%          3
d - Iskenderun's Mystic   Conj/Tloc      49%        2d11      3%          4
e - Magic Dart            Conj           100%       1d8       1%          1
r - Searing Ray           Conj           100%       2d8       1%          2
t - Fulminant Prism       Conj/Hex       25%        3d14      3%          4
y - Ozocubu's Refrigerat  Ice            28%        4d13      85%         7

Your spell library contained the following spells:

 Spells                   Type           Power      Damage    Failure   Level


Dungeon Overview and Level Annotations

Branches:
Dungeon (1/1)

Shops:
D :[:!:[==:!?[(!*

Annotations:
D exclusion: oklob plant


Innate Abilities, Weirdness & Mutations

You have an increased reservoir of magic. (+10% MP)
You shall have no god before yourself.
Your divine heritage dramatically boosts your attributes as you level up.
You are clumsy. (Dex -2)
Armour fits poorly on your strangely shaped body.
Your body sometimes deteriorates upon taking damage.
You are weak. (Str -2)
You occasionally lose the ability to drink potions when taking damage.


Message History

Press: ? - help, Shift-Dir - straight line, f - death drake
Aim: a death drake (74% to hit)
The searing ray hits the death drake.
The death drake is lightly wounded. (Press . to maintain the ray.)
The searing ray hits the death drake.
The death drake is lightly wounded.
The searing ray hits the death drake!
The death drake is moderately wounded.
You block the death drake's attack.
The searing ray hits the death drake.
The death drake is moderately wounded.
You finish channelling your searing ray.
The death drake breathes miasma at you. The foul vapour engulfs you!!
You are poisoned.
You feel threatened and lose the ability to drink potions!
* * * LOW HITPOINT WARNING * * *
The death drake bites you.
* * * LOW HITPOINT WARNING * * *
Okay, then.
Unknown command.
You cannot drink potions in your current state!
Unknown command.
Unknown command.
You cannot drink potions in your current state!
Unknown command.
Unknown command.
Okay, then.
Unknown command.
You aren't carrying any items that you can evoke.
Unknown command.
Casting: Searing Ray (safe; 1% risk of failure)
Confirm with . or Enter, or press ? or * to list all spells.
Casting: Dazzling Flash (safe; 1% risk of failure)
Press: ? - help, Dir - look around, f - activate The death drake is dazzled.
You are engulfed in dark miasma.
You are more poisoned.
* * * LOW HITPOINT WARNING * * *
You die...

~~~~.##+##..
~~~~##...##.####
~~~~#..#..#....# ~~####...##
#..## ^# ~##.###'## .##†.#
.# # ÷##..##.##..B#..# .# .#
~'.##'.<.+# +..### .##.#
~##..##.##.B$#.○○○###...##▓▓
~##.###'## .##.○@k○.~~~~~~~~
~~####...####~~.○○§.§#'#####
#~~~#.##..#~~~§~~~○.~#.._._.
#'#~##.####~~~§~§§~.~#._._._
#.#~~##'##~~§§§§§~§§§#_._._.
####~~~~~~~~§~§§§≈~§~#._._._
#+++#+++#§≈§§§≈§≈~#.._._.
≈≈S°S°##≈§≈###≈≈#..._._
°≈≈≈§§SS°##§≈# #≈≈#...._.


You could see a death drake (blind, catching breath).

Vanquished Creatures
  A merfolk siren (D)
  A yaktaur (D)
  3 polar bears (D)
  A hornet (D)
  4 neqoxecs (D)
  Menkaure (D)
  A vampire mosquito (D)
  A water moccasin (D)
  4 scorpions (D)
17 creatures vanquished.

Vanquished Creatures (others)
  10 fulminant prisms (D)
10 creatures vanquished.

Grand Total: 27 creatures vanquished

Notes
Turn   | Place    | Note
-------+----------+-------------------------------------------
     0 | D        | Ankalagon the Demigod Conjurer began the quest for the Orb.
     0 | D        | Reached XP level 1. HP: 14/14 MP: 5/5
     1 | D        | Noticed a scorpion
     1 | D        | Noticed a scorpion
     1 | D        | Noticed a scorpion
     1 | D        | Noticed a scorpion
    19 | D        | Killed a scorpion
    20 | D        | Reached skill level 5 in Conjurations
    20 | D        | Reached XP level 2. HP: 9/20 MP: 1/9
    20 | D        | Reached XP level 3. HP: 12/26 MP: 1/10
   238 | D        | Learned a level 2 spell: Searing Ray
   242 | D        | Learned a level 3 spell: Dazzling Flash
   248 | D        | Killed a scorpion
   249 | D        | Reached XP level 4. HP: 20/33 MP: 5/13
   252 | D        | Reached skill level 5 in Spellcasting
   252 | D        | Reached skill level 6 in Conjurations
   252 | D        | Reached XP level 5. HP: 18/38 MP: 1/15
   253 | D        | Reached skill level 7 in Conjurations
   358 | D        | Learned a level 4 spell: Fulminant Prism
   455 | D        | Noticed a neqoxec
   455 | D        | Noticed a neqoxec
   455 | D        | Noticed a neqoxec
   455 | D        | Noticed a neqoxec
   464 | D        | Killed a neqoxec
   464 | D        | Gained mutation: Your body sometimes deteriorates upon
                  | taking damage. [a neqoxec]
   465 | D        | Reached skill level 5 in Dodging
   465 | D        | Reached XP level 6. HP: 47/55 MP: 5/18
   466 | D        | Killed a neqoxec
   466 | D        | Gained mutation: Armour fits poorly on your strangely
                  | shaped body. [a neqoxec]
   467 | D        | Reached skill level 5 in Fighting
   467 | D        | Reached skill level 8 in Conjurations
   467 | D        | Gained mutation: You occasionally lose the ability to drink
                  | potions when taking damage. [a neqoxec]
   468 | D        | Gained mutation: You are clumsy. (Dex -2) [a neqoxec]
   470 | D        | Gained mutation: You are weak. (Str -2) [a neqoxec]
   473 | D        | Killed a neqoxec
   474 | D        | Reached XP level 7. HP: 53/61 MP: 15/21
   475 | D        | Killed a neqoxec
   476 | D        | Reached skill level 9 in Conjurations
   520 | D        | Learned a level 4 spell: Iskenderun's Mystic Blast
   522 | D        | Noticed a merfolk siren
   526 | D        | Killed a merfolk siren
   588 | D        | Noticed a boulder beetle
   588 | D        | Noticed a boulder beetle
   597 | D        | Found Rocelaz's Assorted Antiques.
   597 | D        | Found Fuusem's Distillery.
   597 | D        | Found Rifil's Magic Scroll Shop.
   597 | D        | Found Pirik's Antique Armour Shop.
   597 | D        | Found Jiunonon's Distillery.
   597 | D        | Found Othrik's Book Shop.
   598 | D        | Found Zeloz's Jewellery Shop.
   599 | D        | Found Keytieli's Antique Weapon Boutique.
   599 | D        | Found Utruw's Jewellery Shop.
   599 | D        | Found Heugg's Antique Armour Boutique.
   607 | D        | Reached XP level 8. HP: 66/70 MP: 11/24
   617 | D        | Found Yreu's Book Shop.
   617 | D        | Found Saach's Distillery.
   617 | D        | Noticed Menkaure
   617 | D        | Noticed an oklob plant
   618 | D        | Found Caedgh's Armour Shop.
   618 | D        | Found Nyrph's Book Boutique.
   618 | D        | Found Omijagg's Book Shoppe.
   636 | D        | Killed Menkaure
   637 | D        | Reached skill level 10 in Conjurations
   650 | D        | Noticed a shining eye
   653 | D        | Noticed a shining eye
   654 | D        | Noticed a shining eye
   664 | D        | Bought a transparent short sword for 152 gold pieces
   664 | D        | Identified the +3 short sword "Niroolo" {freeze, *Rage rC+
                  | Str+8 Stlth+} (You bought it in a shop in the Dungeon)
   673 | D        | Bought a scroll of identify for 26 gold pieces
   674 | D        | Bought a glowing buckler for 217 gold pieces
   727 | D        | Bought Ozocubu's Autobiography for 240 gold pieces
   733 | D        | Learned a level 3 spell: Ozocubu's Armour
   741 | D        | Learned a level 7 spell: Ozocubu's Refrigeration
   768 | D        | Noticed a polar bear
   771 | D        | Noticed a polar bear
   772 | D        | Noticed a polar bear
   775 | D        | Noticed a yaktaur
  1119 | D        | Noticed a hornet
  1124 | D        | Killed a polar bear
  1124 | D        | Killed a polar bear
  1125 | D        | Reached skill level 5 in Shields
  1127 | D        | Killed a yaktaur
  1130 | D        | Killed a hornet
  1261 | D        | Killed a polar bear
  1262 | D        | Reached XP level 9. HP: 33/75 MP: 7/26
  1262 | D        | Noticed a death drake
  1268 | D        | Succumbed to a death drake's dark miasma

Illustrated notes

Levels and vault maps discovered:
D:        the_violet_keep_of_menkaure [sprint2_stairs_cluster_1,
          sprint2_shoproom, sprint2_temple, sprint2_basic_supplies,
          sprint2_obstacle_5, sprint2_obstacle_3, sprint2_obstacle_7,
          sprint2_obstacle_4, sprint2_obstacle_6, sprint2_timed_cluster_1,
          sprint2_smallroom_cluster_1, sprint2_smallroom_final_cluster_1,
          sprint2_transparent_cluster_1, sprint2_second_timed_cluster_1,
          sprint2_sniper_area_1, sprint2_heavy_combat_area_1,
          sprint2_mutation_trap_area_1, sprint2_forest_area_1,
          sprint2_light_combat_area_1, sprint2_behind_water_1,
          sprint2_near_end_vault_1]

Skill      XL: |  1  2  3  4  5  6  7  8 |
---------------+-------------------------+-----
Dodging        | 3 5 6 |  6.1
Stealth        | 4 |  4.0
Spellcasting   | 3 4 5 6 7 8 |  8.9
Conjurations   | 5 6 7 8 9 10 | 10.0
Hexes          | 2 3 4 |  4.0
Fighting       | 4 5 6 |  6.1
Translocations | 2 3 |  3.2
Shields        | 5 |  5.0
Ice Magic      | 8 |  8.3

Action                   |  1- 3 |  4- 6 |  7- 9 || total
-------------------------+-------+-------+-------++-------
Melee: Unarmed           |    12 |       |       ||    12
 Cast: Magic Dart        |     5 |       |     4 ||     9
       Searing Ray       |     1 |     5 |     8 ||    14
       Dazzling Flash    |       |     1 |     2 ||     3
       Iskenderun's Myst |       |       |     5 ||     5
       Fulminant Prism   |       |       |    10 ||    10
  Use: Potion            |     1 |     2 |       ||     3
       Scroll            |       |       |     1 ||     1
Armor: Robe              |     1 |       |     3 ||     4
Dodge: Dodged            |    11 |    10 |    22 ||    43
Block: Buckler           |       |       |    11 ||    11

Table legend: (Time is in decaauts)
 A = Elapsed time spent in this place.
 B = Non-inter-level travel time spent in this place.
 C = Inter-level travel time spent in this place.
 D = Time resting spent in this place.
 E = Time spent auto-exploring this place.
 F = Levels seen in this place.
 G = Mean time per level.
                   A        B        C        D        E       F      G
               +--------+--------+--------+--------+--------+-----+--------+
         Total |   1305 |   1305 |      0 |    887 |      0 |   1 | 1305.0 |
       Dungeon |   1305 |   1305 |      0 |    887 |      0 |   1 | 1305.0 |
               +--------+--------+--------+--------+--------+-----+--------+

Top non-repeatable levels by time:
       D: 1305 daAuts
